 Dungeon Crawl Stone Soup version 0.21.1-1-g345015f (webtiles) character file.

89 Melicamp the Skirmisher (level 4, -2/38 HPs)
             Began as a Barachi Warper on Apr 11, 2018.
             Slain by Terence
             ... wielding a +2 flail of protection
              (8 damage)
             ... on level 3 of the Dungeon on Apr 12, 2018.
             The game lasted 00:08:54 (2485 turns).

Melicamp the Skirmisher (Barachi Warper)            Turns: 2485, Time: 00:08:54

Health: -2/38      AC:  3    Str: 13    XL:     4   Next: 55%
Magic:  16/17      EV: 12    Int: 13    God:
Gold:   115        SH:  0    Dex: 12    Spells: 5/9 levels left

rFire    . . .     SeeInvis .   a - +0 spear
rCold    . . .     Gourm    .   (no shield)
rNeg     . . .     Faith    .   b - +0 leather armour
rPois    .         Spirit   .   (no helmet)
rElec    .         Reflect  .   (no cloak)
rCorr    .         Harm     .   (no gloves)
MR       .....                  (no boots)
Stlth    +.........             (no amulet)
HPRegen  0.12/turn              k - ring of magical power
MPRegen  0.15/turn              (no ring)

@: slow
A: +LOS, swims, slowness 1, strong legs 1
a: Hop


You were on level 3 of the Dungeon.
You were not hungry.

You visited 1 branch of the dungeon, and saw 3 of its levels.

You collected 115 gold pieces.

Inventory:

Hand Weapons
 a - a +0 spear (weapon)
 l - a cursed -3 dagger
   (You found it on level 2 of the Dungeon)
Missiles
 e - 2 tomahawks of dispersal (quivered)
 i - 69 stones
 m - 7 tomahawks
 n - 10 arrows
Armour
 b - a +0 leather armour (worn)
Jewellery
 k - a ring of magical power (left hand)
   (You found it on level 2 of the Dungeon)
 o - an uncursed ring of flight {unknown}
   (You took it off a goblin on level 2 of the Dungeon)
Scrolls
 d - a scroll of blinking
 g - a scroll of identify
Potions
 h - a potion of brilliance {unknown}
 j - a potion of heal wounds
Books
 c - a book of Spatial Translocations
Comestibles
 f - a ration
 q - 2 chunks of flesh


   Skills:
 * Level 4.8 Fighting
 - Level 2.0 Polearms
 - Level 1.0 Throwing
 - Level 1.2 Armour
 - Level 2.1 Dodging
 - Level 3.0 Spellcasting
 + Level 3.5 Translocations


You had 5 spell levels left.
You knew the following spells:

 Your Spells              Type           Power        Failure   Level  Hunger
a - Blink                 Tloc           N/A          11%         2    ###....
b - Shroud of Golubria    Chrm/Tloc      #.........   22%         2    ###....


Dungeon Overview and Level Annotations

Branches:
Dungeon (3/15)

Altars:

Annotations:
D:3 Terence


Innate Abilities, Weirdness & Mutations

Shadows flee at your approach. (+LOS)
You can swim through water.
You cover ground slowly.
You can hop short distances.


Message History

You butcher the ball python corpse.
q - 4 chunks of flesh Eating one of 4 chunks of flesh.
You eat one of the 4 chunks of flesh.
This raw flesh tastes terrible.
You are feeling hungry.
Eating one of 3 chunks of flesh.
You eat one of the 3 chunks of flesh.
This raw flesh tastes terrible.
Done exploring.
Done exploring.
There is a stone staircase leading down here.
You climb downwards.
A leopard gecko and a dart slug come into view.
There is a stone staircase leading up here.
As you read the scroll labeled FERHOS KEUMAO, it crumbles to dust.
You feel blessed for a moment.
It was a scroll of remove curse.
The leopard gecko hisses angrily.
Terence the Incautious comes into view.
He is wielding a flail of protection.
Terence shouts!
You hear a shout!
The dart slug moves out of view.
You climb upwards.
There is a stone staircase leading down here.
There is a stone staircase leading down here.
You climb downwards.
Level annotation: Terence
There is a stone staircase leading up here.
An orc comes into view. It is wielding a dagger.
The orc shouts!
Throwing (i - inventory. (,) - cycle):
i - 70 stones (quivered)
Press: ? - help, Shift-Dir - straight line, f - orc
Aim: an orc, wielding a dagger and wearing a scale mail You throw a stone.
The stone closely misses the orc.
An orc and an orc wizard come into view.
There is a stone staircase leading up here.
Quiver which item? (- for none, * to show all) (? for menu, Esc to quit)
Quivering
e - 4 tomahawks of dispersal for throwing.
Attack whom?
Press: ? - help, Dir - move target cursor, f/p - orc
Aim: an orc, wielding a dagger and wearing a scale mail You reach to attack!
You hit the orc.
The orc is lightly wounded.
You hit the orc.
The orc is heavily wounded.
The orc hits you with a dagger.
Casting: Shroud of Golubria
Confirm with . or Enter, or press ? or * to list all spells.
Space distorts slightly along a thin shroud covering your body.
The orc hits you with a dagger.
You closely miss the orc.
The orc is heavily wounded.
The orc closely misses you.
You hit the orc.
The orc is almost dead.
Your shroud bends the orc's attack away.
You hit the orc.
You kill the orc!
You hit the orc.
The orc is severely wounded.
The orc barely misses you.
You hit the orc.
You kill the orc!
Your shroud begins to fray at the edges.
Things that are here:
a dagger; a scale mail
Things that are here:
a dagger; a scale mail Your shroud unravels.
Found a scroll labeled GUYXARHO FIJE.
Casting: Shroud of Golubria
Confirm with . or Enter, or press ? or * to list all spells.
Space distorts slightly along a thin shroud covering your body.
Attack whom?
Press: ? - help, Dir - move target cursor, f - Terence
Aim: Terence, wielding a flail of protection and wearing a glowing scale mail You reach to attack!
You barely miss Terence. You completely miss Terence.
Terence drinks a potion.
Terence seems to grow stronger.
You barely miss Terence. Terence misses you.
You closely miss Terence. Terence closely misses you.
You barely miss Terence. You hit Terence but do no damage.
Terence closely misses you.
You hit Terence but do no damage.
Terence screams, "I'm going to kill you!"
Terence hits you with a flail of protection!
Your shroud falls apart!
You hit Terence but do no damage.
Terence hits you with a flail of protection!
* * * LOW HITPOINT WARNING * * *
Throwing (i - inventory. (,) - cycle):
e - 4 tomahawks of dispersal (quivered)
Press: ? - help, Shift-Dir - straight line, f/p - Terence
Aim: Terence, wielding a flail of protection and wearing a glowing scale mail (unusually strong)
You throw a tomahawk of dispersal.
The tomahawk of dispersal hits Terence but does no damage.
Terence barely misses you.
Throwing (i - inventory. (,) - cycle):
e - 3 tomahawks of dispersal (quivered)
Press: ? - help, Shift-Dir - straight line, f/p - Terence
Aim: Terence, wielding a flail of protection and wearing a glowing scale mail (unusually strong)
You throw a tomahawk of dispersal.
The tomahawk of dispersal hits Terence but does no damage.
Terence hits you with a flail of protection!
You die...

##. .
.....l...
.? .
.....#...
#.###.
......###
.....
...#..
#.#.### ..@
.. ..... @
... .( #.#
... #@# #
.... #@#
.#.#...
#.##.......
#)#....#
#<..# #.###
#.. ##..
...


You could see Terence.

Vanquished Creatures
  5 adders (D:2)
  A worm (D:2)
  A leopard gecko (D:1)
  2 orcs (D:3)
  A ball python (D:2)
  2 bats
  A giant cockroach (D:1)
  7 goblins
  6 hobgoblins (D:1)
  3 jackals (D:1)
  A frilled lizard (D:2)
  4 kobolds
  2 rats
36 creatures vanquished.

Notes
Turn   | Place    | Note
-------+----------+-------------------------------------------
     0 | D:1      | Melicamp the Barachi Warper began the quest for the Orb.
     0 | D:1      | Reached XP level 1. HP: 17/17 MP: 3/3
   269 | D:1      | Reached skill level 3 in Fighting
   366 | D:1      | Reached XP level 2. HP: 23/24 MP: 5/5
   622 | D:1      | Learned a level 2 spell: Blink
  1052 | D:1      | Reached XP level 3. HP: 21/30 MP: 7/7
  1332 | D:2      | Learned a level 2 spell: Shroud of Golubria
  1420 | D:2      | Reached skill level 4 in Fighting
  1537 | D:2      | Reached skill level 3 in Spellcasting
  1616 | D:2      | Reached XP level 4. HP: 38/38 MP: 8/8
  2427 | D:3      | Noticed Terence
  2483 | D:3      | HP: 5/38 [Terence/flail of protection (14)]
  2485 | D:3      | Slain by Terence

Skill      XL: |  1  2  3 |
---------------+----------+-----
Fighting       | 3 4 |  4.8
Spellcasting   | 3 |  3.0
Polearms       | |  2.0
Throwing       | |  1.0
Armour         | |  1.2
Dodging        | |  2.1
Translocations | |  3.5

Action                   |  1- 3 |  4- 6 || total
-------------------------+-------+-------++-------
Melee: Spear             |   128 |    74 ||   202
Throw: Tomahawk          |     1 |     2 ||     3
       Stone             |     1 |     2 ||     3
 Cast: Shroud of Golubri |     2 |     2 ||     4
  Use: Scroll            |     3 |     2 ||     5
  Eat: Chunk             |     3 |     3 ||     6
Armor: Leather armour    |    23 |    13 ||    36
Dodge: Dodged            |    59 |    37 ||    96

Vault maps used:
D:1:      lightli_arrival_maybe_door_vault
D:3:      cheibrodos_old_hovel, kennysheep_minor_cross, uniq_crazy_yiuf_cottage,
          uniq_terence, uniq_grinder

Table legend:
 A = Turns spent in this place as a percentage of turns spent in the entire game.
 B = Non-inter-level travel turns spent in this place as a percentage of non-inter-level travel turns spent in the entire game.
 C = Inter-level travel turns spent in this place as a percentage of turns spent in this place.
 D = Turns resting spent in this place as a percentage of non-inter-level travel turns spent in this place.
 E = Turns spent auto-exploring this place as a percentage of non-inter-level travel turns spent in this place.
 F = Non-inter-level travel turns spent in this place divided by the number of levels of this place that you've seen.
                   A       B       C       D       E      F
               +-------+-------+-------+-------+-------+----------------------
         Total | 100.0 | 100.0 |   6.9 |  31.6 |  47.5 | 771.0
       Dungeon | 100.0 | 100.0 |   6.9 |  31.6 |  47.5 | 771.0
               +-------+-------+-------+-------+-------+----------------------

Table legend:
 A = Kills in this place as a percentage of kills in entire the game.
 B = Kills by you in this place as a percentage of kills by you in the entire game.
 C = Kills by friends in this place as a percentage of kills by friends in the entire game.
 D = Other kills in this place as a percentage of other kills in the entire game.
 E = Experience gained in this place as a percentage of experience gained in the entire game.
 F = Experience gained in this place divided by the number of levels of this place that you have seen.
                   A       B       C       D       E      F
               +-------+-------+-------+-------+-------+----------------------
         Total | 100.0 | 100.0 |   N/A |   N/A | 100.0 |  42.7
       Dungeon | 100.0 | 100.0 |   N/A |   N/A | 100.0 |  42.7
               +-------+-------+-------+-------+-------+----------------------
